 Dungeon Crawl Stone Soup version 0.32-a0-391-gce5c0aa (webtiles) character file.

Game seed: 15066119335742176310

154 Nithhogg the Trooper (level 5, -4/46 HPs)
             Began as a Mountain Dwarf Fighter on Feb 19, 2024.
             Slain by an orc priest
             ... wielding a +0 trident
              (6 damage)
             ... on level 2 of the Dungeon.
             The game lasted 00:02:16 (1299 turns).

Nithhogg the Trooper (Mountain Dwarf Fighter)       Turns: 1299, Time: 00:02:17

Health: -4/46      AC:  7    Str: 17 (20) XL:     5   Next: 13%
Magic:  7/7        EV:  9    Int:  8 (9)  God:
Gold:   84         SH:  4    Dex:  6 (9)  Spells: 4/4 levels left

rFire   . . .        a - +0 war axe
rCold   . . .        c - +0 buckler
rNeg    . . .        b - +0 scale mail
rPois   .            (no helmet)
rElec   .            (no cloak)
rCorr   .            (no gloves)
SInv    +            (no boots)
Will    .....        h - amulet of the acrobat Stlth
                     k - ring of see invisible
HPRegen 0.27/turn    (no ring)
MPRegen 0.10/turn

%: acrobat
@: attractive
A: runic magic, artefact enchanting
a: Convert to Beogh


You were on level 2 of the Dungeon.
You visited 1 branch of the dungeon, and saw 2 of its levels.

You collected 84 gold pieces.

Inventory:

Hand Weapons
 a - a +0 war axe (weapon)
Missiles
 j - 3 poisoned darts (quivered)
Armour
 b - a +0 scale mail (worn)
 c - a +0 buckler (worn)
Jewellery
 h - an amulet of the acrobat (around neck)
 k - a ring of see invisible (left hand)
Scrolls
 g - a scroll of poison {unknown}
 i - a scroll of enchant weapon {unknown}
Potions
 d - a potion of degeneration


   Skills:
 + Level 4.3 Fighting
 + Level 3.8 Axes
 + Level 4.2 Armour
 - Level 3.2 Shields
 + Level 3.0 Invocations


You had 4 spell levels left.
You didn't know any spells.
Your spell library was empty.

Dungeon Overview and Level Annotations

Branches:
Dungeon (2/15)

Altars:


Innate Abilities, Weirdness & Mutations

Your spellcasting is much less encumbered by armour.
You can use scrolls of enchantment on lesser artefacts.


Message History

The orc wizard is severely wounded.
The orc priest hits you from afar with a +0 trident.
The orc wizard hits you with a +0 dagger.
The orc priest threatens, "Beogh's wrath is as vast as their mercy.
Make your choice!" (press Y on the ability menu to convert to Beogh)
You closely miss the orc wizard.
The orc wizard is severely wounded.
The orc priest invokes the aid of Beogh against you.
Beogh smites you!
The orc wizard hits you with a +0 dagger.
You block the orc priest's attack.
The orc wizard hits you but does no damage.
You barely miss the orc wizard.
The orc wizard is severely wounded.
The orc priest mumbles some strange prayers to Beogh against you.
Beogh smites you!
* * * LOW HITPOINT WARNING * * *
The orc wizard casts a spell at you.
You are confused.
You hear a shout!
You closely miss the orc wizard.
The orc wizard is severely wounded.
The orc priest threatens, "Beogh's wrath is as vast as their mercy.
Make your choice!"
The orc priest calls down the wrath of Beogh upon you.
The orc wizard writhes in agony.
The orc wizard dies!
Your Invocations skill increases to level 3!
It was a potion of degeneration.
There was something very wrong with that liquid.
You feel weakened.
You feel dopey.
You feel clumsy. The orc priest closely misses you.
It was a potion of cancellation.
Your magical effects are unravelling.
You feel magically purged.
You feel less confused.
The orc priest hits you but does no damage.
It was a potion of attraction.
You feel attractive to monsters.
The orc priest hits you from afar with a +0 trident.
You die...

###.#. #...#.
#...#. #...##
###########...#
####.............#
o.#.#############
#)#.# #@#.#
#.#.#### #......#
########


You could see an orc priest.

Vanquished Creatures
  4 gnolls (D:2)
  2 adders (D:2)
  2 orcs (D:2)
  3 bats
  4 endoplasms
  A giant cockroach (D:2)
  4 goblins
  4 hobgoblins (D:1)
  7 kobolds
  5 quokkas
  5 ball pythons (D:1)
  2 frilled lizards
  2 rats (D:1)
45 creatures vanquished.

Vanquished Creatures (others)
  An orc wizard (D:2)
1 creature vanquished.

Grand Total: 46 creatures vanquished

Notes
Turn   | Place    | Note
-------+----------+-------------------------------------------
     0 | D:1      | Nithhogg the Mountain Dwarf Fighter began the quest for the
                  | Orb.
     0 | D:1      | Reached XP level 1. HP: 19/19 MP: 1/1
    28 | D:1      | Reached skill level 1 in Invocations
    28 | D:1      | Reached XP level 2. HP: 3/26 MP: 2/2
   416 | D:1      | Reached XP level 3. HP: 33/33 MP: 4/4
   828 | D:2      | Reached XP level 4. HP: 24/40 MP: 5/5
  1291 | D:2      | Reached XP level 5. HP: 37/46 MP: 7/7
  1295 | D:2      | HP: 1/46 [orc priest/divine providence (14)]
  1299 | D:2      | Slain by an orc priest

Illustrated notes

Levels and vault maps discovered:
D:1:      amcnicky_arrival_double_pillar, layout_loops_cross
D:2:      layout_basic

Skill      XL: |  1  2  3  4  5 |
---------------+----------------+-----
Invocations    | 1 2 3 |  3.0
Axes           | 3 |  3.8
Fighting       | 4 |  4.3
Armour         | 4 |  4.2
Shields        | |  3.2

Action                     |  1- 3 |  4- 6 || total
---------------------------+-------+-------++-------
  Melee: War axe           |    62 |    56 ||   118
    Use: Potion            |     1 |     3 ||     4
 Armour: Scale mail        |    50 |    57 ||   107
  Dodge: Dodged            |    32 |    42 ||    74
  Block: Buckler           |    20 |    19 ||    39

Table legend: (Time is in decaauts)
 A = Elapsed time spent in this place.
 B = Non-inter-level travel time spent in this place.
 C = Inter-level travel time spent in this place.
 D = Time resting spent in this place.
 E = Time spent auto-exploring this place.
 F = Levels seen in this place.
 G = Mean time per level.
                   A        B        C        D        E       F      G
               +--------+--------+--------+--------+--------+-----+--------+
         Total |   1342 |   1319 |     23 |      0 |   1027 |   2 |  671.0 |
       Dungeon |   1342 |   1319 |     23 |      0 |   1027 |   2 |  671.0 |
               +--------+--------+--------+--------+--------+-----+--------+

Top non-repeatable levels by time:
     D:1: 766 daAuts
     D:2: 576 daAuts
